 Dungeon Crawl Stone Soup version 0.29.0-11-gd7f09526c8 (webtiles) character file.

Game seed: 16810343295187439929

1911 SensoryNuts the Spear-Bearer (level 8, -4/69 HPs)
             Began as a Green Draconian Fighter on Sept 3, 2022.
             Slain by a manticore (19 damage)
             ... on level 7 of the Dungeon.
             The game lasted 00:07:35 (6778 turns).

SensoryNuts the Spear-Bearer (DrFi)                 Turns: 6778, Time: 00:07:36

Health: -4/69      AC:  6    Str: 22    XL:     8   Next: 95%
Magic:  8/8        EV: 12    Int:  8    God:
Gold:   322        SH:  4    Dex: 10    Spells: 7/7 levels left

rFire   . . .      SeeInvis +   a - +2 trident (elec)
rCold   . . .      Faith    .   b - +0 buckler
rNeg    . . .      Spirit   .   (body armour unavailable)
rPois   +          Reflect  .   (helmet restricted)
rElec   .          Harm     .   (no cloak)
rCorr   .          Rampage  .   (no gloves)
Will    .....                   (no boots)
Stlth   ++........              (no amulet)
HPRegen 0.21/turn               d - ring of see invisible
MPRegen 0.11/turn               (no ring)

@: spiked
A: breathe noxious fumes, AC +6, unfitting armour, poison resistance,
cold-blooded
a: Breathe Noxious Fumes


You were on level 7 of the Dungeon.
You visited 1 branch of the dungeon, and saw 7 of its levels.

You collected 322 gold pieces.

Inventory:

Hand Weapons
 a - a +2 trident of electrocution (weapon)
Missiles
 o - a throwing net (quivered)
Armour
 b - a +0 buckler (worn)
Jewellery
 c - a ring of willpower
 d - a ring of see invisible (left hand)
 p - a +6 ring of dexterity
Scrolls
 g - 2 scrolls of teleportation
 h - a scroll of fear
 i - 2 scrolls of blinking
Potions
 e - a potion of attraction
 f - 2 potions of brilliance
 j - a potion of curing
 l - a potion of lignification {unknown}
 m - a potion of magic {unknown}
 n - a potion of might


   Skills:
 + Level 5.5 Fighting
 * Level 9.4 Polearms
 + Level 4.6 Dodging
 + Level 2.7 Stealth
 + Level 4.1 Shields


You had 7 spell levels left.
You didn't know any spells.
Your spell library contained the following spells:

 Spells                   Type           Power      Damage    Failure   Level
 Magic Dart               Conj           0%         1d3       50%         1
 Blink                    Tloc           0%         N/A       63%         2
 Call Imp                 Summ           0%         N/A       63%         2
 Ensorcelled Hibernation  Hex/Ice        0%         N/A       63%         2
 Passwall                 Tmut/Erth      0%         N/A       63%         2
 Static Discharge         Conj/Air       0%         3-3/arc   63%         2
 Sublimation of Blood     Necr           0%         N/A       63%         2
 Wereblood                Tmut           0%         N/A       63%         2
 Call Canine Familiar     Summ           0%         N/A       86%         3
 Gell's Gravitas          Tloc           0%         N/A       86%         3
 Lesser Beckoning         Tloc           0%         N/A       86%         3
 Mephitic Cloud           Conj/Pois/Air  0%         N/A       86%         3
 Portal Projectile        Hex/Tloc       0%         N/A       86%         3
 Swiftness                Air            0%         N/A       86%         3
 Teleport Other           Tloc           0%         N/A       86%         3
 Leda's Liquefaction      Hex/Erth       0%         N/A       99%         4
 Lightning Bolt           Conj/Air       0%         1d11      100%        5
 Manifold Assault         Tloc           0%         N/A       100%        5
 Storm Form               Tmut/Air       0%         N/A       100%        7
 Summon Hydra             Summ           0%         N/A       100%        7
 Maxwell's Capacitive Co  Air            0%         ∞         100%        8


Dungeon Overview and Level Annotations

Branches:
Dungeon (7/15)             Temple (0/1) D:7

Altars:
Dithmenos
Elyvilon
Ru

Shops:
D:6 *

Annotations:
D:5 2 transporters, ratmagoo's ghost, novice GrEE


Innate Abilities, Weirdness & Mutations

You can breathe blasts of noxious fumes.
Your lurid green scales are hard. (AC +6)
You cannot fit into any form of body armour.
Your system is resistant to poisons. (rPois)
You are cold-blooded and may be slowed by cold attacks.


Message History

The barbs in your skin will harm you if you move.
Continue? [Y]es or [N]o only, please.
The barbs in your skin will harm you if you move.
Continue? [Y]es or [N]o only, please.
The barbs in your skin will harm you if you move.
Continue? [Y]es or [N]o only, please.
The barbs in your skin will harm you if you move.
Continue?
Okay, then.
You swing at nothing.
You swing at nothing.
The manticore flicks its tail.
The volley of spikes hits you!
The barbed spikes become lodged in your body.
You swing at nothing.
The manticore flicks its tail.
The volley of spikes hits you!!
The barbed spikes become lodged in your body.
You swing at nothing.
You swing at nothing.
The manticore flicks its tail.
The volley of spikes hits you!
The barbed spikes become lodged in your body.
* * * LOW HITPOINT WARNING * * *
You feel much better.
The manticore flicks its tail.
The volley of spikes hits you!
The barbed spikes become lodged in your body.
The barbs in your skin will harm you if you move.
Continue?
The barbed spikes dig painfully into your body as you move.
* * * LOW HITPOINT WARNING * * *
You block the manticore's attack. The manticore claws you.
* * * LOW HITPOINT WARNING * * *
The manticore barely misses you.
You barely miss the manticore. You tail-slap the manticore.
The manticore is lightly wounded.
You block the manticore's attack. The manticore closely misses you.
The manticore claws you!
* * * LOW HITPOINT WARNING * * *
You feel better. The manticore bites you!!
You die...

##..#####.....#
##...........###
.$.............###
.................#
..#....#..........#
.......#.........##
........)........#
........H......##
#.....>@......#
##....)......##
#...))).....#
#...).<...###
#+###...### #..##
#...### #.....#
#....###


You could see a manticore.

Vanquished Creatures
  Pikel (D:6)
  A water moccasin (D:5)
  An orc warrior (D:7)
  A sky beast (D:6)
  A centaur (D:6)
  A phantom (D:6)
  2 bullfrogs (D:6)
  A necrophage (D:5)
  3 scorpions
  A howler monkey (D:5)
  A crimson imp (D:5)
  5 hounds
  A jelly (D:5)
  An orc priest (D:7)
  A gnoll bouda (D:6)
  Terence (D:2)
  2 iguanas
  2 orc wizards
  2 adders
  6 gnolls
  2 white imps (D:5)
  3 ufetubi
  2 worms
  4 dart slugs
  23 orcs
  6 ball pythons
  6 endoplasms
  A giant cockroach (D:1)
  3 goblins
  4 hobgoblins
  5 kobolds
  7 quokkas
  5 bats (D:1)
  3 frilled lizards
  2 rats (D:3)
111 creatures vanquished.

Vanquished Creatures (others)
  A fungus (D:1)
1 creature vanquished.

Grand Total: 112 creatures vanquished

Notes
Turn   | Place    | Note
-------+----------+-------------------------------------------
     0 | D:1      | SensoryNuts the Draconian Fighter began the quest for the
                  | Orb.
     0 | D:1      | Reached XP level 1. HP: 19/19 MP: 1/1
    56 | D:1      | Reached XP level 2. HP: 10/26 MP: 2/2
   311 | D:1      | Found a faded altar of an unknown god.
   742 | D:1      | Reached XP level 3. HP: 31/31 MP: 3/3
  1249 | D:2      | Reached skill level 3 in Polearms
  1373 | D:2      | Noticed Terence
  1382 | D:2      | Killed Terence
  1383 | D:2      | Reached XP level 4. HP: 14/40 MP: 4/4
  2932 | D:4      | You fall into a shaft and drop 2 floors!
  2933 | D:6      | Found Kiedumarph's Neck Hole.
  2964 | D:6      | Noticed a bullfrog
  2980 | D:6      | Killed a bullfrog
  2981 | D:6      | Reached skill level 4 in Polearms
  2981 | D:6      | Reached XP level 5. HP: 39/46 MP: 5/5
  3007 | D:6      | Reached skill level 5 in Polearms
  3007 | D:6      | Reached skill level 1 in Stealth
  3007 | D:6      | Reached XP level 6. HP: 15/52 MP: 6/6
  3274 | D:5      | Entered Level 5 of the Dungeon
  3544 | D:5      | Noticed a hornet
  3545 | D:5      | Noticed ratmagoo's ghost (novice GrEE)
  3546 | D:5      | Found a transporter.
  3550 | D:5      | Found a transporter.
  3843 | D:5      | Found a white marble altar of Elyvilon.
  4128 | D:5      | Noticed a water moccasin
  4142 | D:5      | Killed a water moccasin
  4143 | D:5      | Reached skill level 6 in Polearms
  4143 | D:5      | Your scales start taking on a lurid green colour.
  4143 | D:5      | Reached XP level 7. HP: 11/60 MP: 7/7
  4143 | D:5      | Gained mutation: Your system is resistant to poisons.
                  | (rPois) [Green Draconian growth]
  4146 | D:5      | HP: 2/60 [scorpion (3)]
  4604 | D:5      | Reached skill level 7 in Polearms
  5234 | D:6      | Found a shadowy altar of Dithmenos.
  5317 | D:6      | Found a sacrificial altar of Ru.
  5529 | D:6      | Reached XP level 8. HP: 54/67 MP: 8/8
  5673 | D:6      | Reached skill level 8 in Polearms
  5954 | D:6      | Reached skill level 5 in Fighting
  6298 | D:6      | Noticed Pikel
  6311 | D:6      | Killed Pikel
  6312 | D:6      | Reached skill level 9 in Polearms
  6695 | D:7      | Found a staircase to the Ecumenical Temple.
  6749 | D:7      | Noticed a manticore
  6778 | D:7      | Slain by a manticore

Illustrated notes

Levels and vault maps discovered:
D:1:      lemuel_arrival_rhombus, layout_rooms, shapermc_ecumenical_altar_gd
D:2:      layout_basic, uniq_terence
D:3:      layout_basic
D:4:      layout_rooms
D:5:      kennysheep_six_static_rooms, layout_loops_corners,
          general_overflow_altar, gammafunk_ghost_hive, minmay_holes,
          minmay_fire_ice_demons
D:6:      layout_layer_cave, nicolae_dithmenos_the_darkroom,
          lemuel_crystal_altar, nicolae_shop_sticking_my_neck_out, uniq_pikel
D:7:      layout_cave_pools, minmay_temple_entry_poolview, nrook_pool_corridor,
          dreamdust_princess_bridge

Skill      XL: |  1  2  3  4  5  6  7  8 |
---------------+-------------------------+-----
Dodging        | 3 4 |  4.6
Polearms       | 3 4 5 6 7 9 |  9.4
Fighting       | 4 5 |  5.5
Stealth        | 1 2 |  2.7
Shields        | 4 |  4.1

Action                   |  1- 3 |  4- 6 |  7- 9 || total
-------------------------+-------+-------+-------++-------
Melee: Trident           |   101 |   102 |   142 ||   345
       Tailslap          |     9 |     7 |    17 ||    33
 Abil: Breathe Noxious F |       |       |     1 ||     1
  Use: Scroll            |     2 |     7 |     4 ||    13
       Potion            |     1 |     1 |     4 ||     6
 Stab: Sleeping          |       |     2 |     1 ||     3
       Distracted        |       |       |     2 ||     2
Armor: Skin              |    23 |    25 |    46 ||    94
Dodge: Dodged            |    50 |    57 |    92 ||   199
Block: Buckler           |    21 |    22 |    35 ||    78
